AoeStats
← 小尚

Arena

510373216Analyzed
4v4 RM · 2d ago on Sep 30, 2026· 75m 3s· 8 players
Game mode
Random Map
Map size
Large (8 player)
Population
200
Speed
Normal
Resources
Standard
Victory
Conquest
Starting age
Dark Age
Ending age
Imperial Age
RankedLock teamsTeams togetherTeam positionsShared explorationLock speedFull tech treeHidden civsTurbo modeCheats
Victory
Defeat
🇫🇷 Japanese · France
1256
+18
🇺🇸 Italians · United States
1251
+19
🇨🇳 Persians · China
1203
+20
🇨🇳 Mongols · China
1199
+21
🇻🇳 Koreans · Vietnam
1407
-23
🇻🇳 Turks · Vietnam
1332
-21
🇻🇳 Wei · Vietnam
1258
-18
🇻🇳 Franks · Vietnam
1222
-16
Cryptomage
8:53 Loom
11:10 Feudal Age
16:42 Fletching
20:54 Horse Collar
22:58 Double-Bit Axe
24:14 Gold Mining
26:49 Castle Age
26:55 Scale Mail Armor
27:06 Forging
28:49 Heavy Plow
30:28 Bow Saw
34:16 Iron Casting
44:48 Imperial Age
43:05 Gold Shaft Mining
46:04 Wheelbarrow
45:02 Capped Ram
46:41 Town Watch
47:36 Pikeman
48:16 Squires
48:02 Gambesons
47:47 Pikeman
50:24 Blast Furnace
49:39 Chain Mail Armor
49:20 Bodkin Arrow
51:18 Chemistry
50:27 Siege Engineers
50:17 Halberdier
53:05 Two-Man Saw
52:56 Plate Mail Armor
53:17 Ballistics
53:57 Elite Samurai
56:46 Hand Cart
57:44 Thumb Ring
57:00 Elite Skirmisher
58:06 Parthian Tactics
57:02 Heavy Cavalry Archer
62:55 Heavy Scorpion
66:36 Padded Archer Armor
66:36 Bracer
68:04 Fortified Wall
67:49 Murder Holes
68:05 Masonry
67:43 Arrowslits
68:16 Leather Archer Armor
68:06 Scale Barding Armor
72:21 Onager
MoonlightS96
9:18 Feudal Age
9:43 Double-Bit Axe
14:36 Castle Age
12:21 Horse Collar
15:29 Bow Saw
17:23 Gold Mining
18:16 Loom
18:38 Town Watch
29:36 Imperial Age
28:14 Scale Mail Armor
28:24 Forging
28:52 Wheelbarrow
29:01 Wheelbarrow
28:31 Town Patrol
28:24 Pikeman
29:06 Squires
29:34 Heavy Plow
30:09 Chain Mail Armor
30:37 Stone Mining
32:05 Plate Mail Armor
32:54 Iron Casting
32:49 Fletching
36:01 Blast Furnace
37:50 Two-Man Saw
37:22 Crop Rotation
38:19 Conscription
39:21 Bodkin Arrow
40:30 Bracer
46:33 Murder Holes
47:40 Hand Cart
57:34 Elite Genoese Crossbowman
58:27 Arson
59:41 Padded Archer Armor
62:06 Chemistry
60:48 Treadmill Crane
63:33 Leather Archer Armor
65:59 Ring Archer Armor
72:41 Ballistics
72:32 Masonry
72:13 Heated Shot
剑斜
10:04 Feudal Age
11:54 Double-Bit Axe
14:52 Castle Age
14:06 Horse Collar
15:55 Bow Saw
21:42 Wheelbarrow
20:53 Loom
22:53 Coinage
24:08 Town Watch
26:16 Gold Mining
26:25 Fletching
28:00 Bodkin Arrow
31:08 Imperial Age
30:03 Padded Archer Armor
30:26 Ballistics
30:16 Heavy Plow
31:30 Scale Barding Armor
31:41 Leather Archer Armor
32:03 Gold Shaft Mining
32:03 Bracer
33:20 Chemistry
32:15 Light Cavalry
33:06 Bloodlines
32:56 Husbandry
33:33 Chain Barding Armor
33:24 Forging
34:25 Scale Mail Armor
34:18 Hussar
36:02 Conscription
36:49 Thumb Ring
38:52 Nomads
43:31 Elite Mangudai
44:51 Iron Casting
44:16 Murder Holes
44:32 Masonry
44:15 Stone Mining
45:53 Stone Shaft Mining
47:27 Parthian Tactics
47:08 Caravan
53:14 Capped Ram
54:45 Siege Ram
57:32 Blast Furnace
61:31 Onager
67:09 Siege Engineers
小尚
9:28 Feudal Age
12:10 Loom
14:39 Castle Age
13:02 Horse Collar
13:39 Double-Bit Axe
17:23 Bow Saw
22:04 Gold Mining
23:00 Wheelbarrow
22:39 Heavy Plow
23:56 Gold Shaft Mining
23:25 Stone Mining
28:38 Imperial Age
27:12 Scale Barding Armor
28:20 Hand Cart
28:42 Stone Shaft Mining
28:35 Chain Barding Armor
28:26 Forging
33:34 Plate Barding Armor
33:35 Iron Casting
43:32 Blast Furnace
43:11 Fletching
45:02 Bodkin Arrow
45:09 Padded Archer Armor
45:35 Conscription
45:33 Crossbowman
46:20 Thumb Ring
46:21 Kamandaran
46:47 Ballistics
47:28 Chemistry
46:47 Leather Archer Armor
46:17 Elite War Elephant
48:52 Ring Archer Armor
63:16 Two-Man Saw
65:10 Hoardings
64:51 Masonry
67:32 Caravan
72:10 Elite Skirmisher
Phu Thuy
10:37 Feudal Age
14:33 Castle Age
12:28 Double-Bit Axe
12:35 Horse Collar
13:55 Gold Mining
21:28 Bow Saw
21:59 Heavy Plow
24:03 Wheelbarrow
26:31 Gold Shaft Mining
25:48 Stone Mining
29:44 Imperial Age
27:01 Town Watch
27:59 Forging
27:34 Treadmill Crane
28:41 Stone Shaft Mining
28:37 Squires
27:58 Pikeman
28:41 Scale Mail Armor
29:17 Iron Casting
28:41 Loom
29:13 Hand Cart
29:04 Town Patrol
29:42 Chain Mail Armor
30:16 Fletching
30:27 Padded Archer Armor
31:29 Chemistry
31:54 Blast Furnace
31:33 Crop Rotation
30:47 Halberdier
31:36 Scale Barding Armor
32:27 Bodkin Arrow
32:50 Masonry
33:03 Ballistics
33:09 Elite Skirmisher
33:55 Thumb Ring
34:16 Parthian Tactics
34:08 Leather Archer Armor
34:06 Masonry
33:52 Murder Holes
33:55 Arson
36:37 Bloodlines
36:27 Husbandry
36:49 Chain Barding Armor
36:30 Bracer
37:25 Ming Guang Armor
37:21 Conscription
37:02 Tuntian
37:38 Hoardings
39:11 Ring Archer Armor
38:34 Capped Ram
43:27 Fortified Wall
45:30 Siege Ram
48:55 Heavy Hei Guang Cavalry
50:48 Elite Tiger Cavalry
58:54 Light Cavalry
TạNgànCân
6:07 Loom
8:31 Feudal Age
13:42 Fletching
19:17 Double-Bit Axe
23:34 Castle Age
21:46 Gold Mining
21:43 Horse Collar
28:03 Bodkin Arrow
36:54 Bow Saw
50:47 Wheelbarrow
54:19 Hand Cart
56:48 Town Watch
65:15 Imperial Age
63:21 Ballistics
65:59 Thumb Ring
65:15 Elite Skirmisher
66:00 Scale Mail Armor
66:01 Bracer
66:14 Forging
67:12 Chemistry
66:33 Ballistics
65:55 Treadmill Crane
66:26 Masonry
67:22 Squires
67:08 Arson
66:44 Pikeman
66:52 Man-at-Arms
67:01 Pikeman
68:18 Scale Mail Armor
68:54 Iron Casting
69:36 Chain Mail Armor
69:29 Halberdier
70:46 Plate Mail Armor
71:30 Crossbowman
72:50 Arbalester
TanLN
10:27 Feudal Age
15:34 Castle Age
13:38 Double-Bit Axe
16:36 Wheelbarrow
17:17 Bow Saw
17:34 Horse Collar
24:50 Heavy Plow
25:12 Gold Mining
29:07 Imperial Age
27:18 Gold Shaft Mining
26:34 Stone Mining
27:33 Padded Archer Armor
29:50 Elite Janissary
31:38 Conscription
32:38 Leather Archer Armor
38:11 Ballistics
41:10 Ring Archer Armor
40:57 Scale Barding Armor
41:02 Forging
42:14 Husbandry
42:25 Bloodlines
46:21 Chain Barding Armor
46:37 Iron Casting
68:11 Plate Barding Armor
Tin's
11:14 Feudal Age
18:31 Double-Bit Axe
22:31 Castle Age
21:47 Gold Mining
22:33 Scale Barding Armor
22:39 Forging
24:27 Husbandry
27:22 Gold Shaft Mining
26:38 Stone Mining
28:02 Loom
28:54 Wheelbarrow
40:06 Imperial Age
37:59 Fortified Wall
38:11 Ballistics
38:35 Chain Barding Armor
38:51 Iron Casting
38:56 Masonry
47:49 Cavalier
65:05 Hand Cart
64:35 Town Watch
Connection lost

Rejoining the realm…

Still unreachable

The connection could not be restored.

Session expired

The server has moved on; the page needs a fresh start.